 Dungeon Crawl Stone Soup version 0.23.2-30-g0e89c35649 (webtiles) character file.

Game seed: 798691385421434937

933 manyhoops the Skirmisher (level 8, -3/65 (67) HPs)
             Began as a Gnoll Wanderer on June 21, 2019.
             Was a Follower of Vehumet.
             Killed by divine providence
             ... invoked by an orc priest
              (12 damage)
             ... on level 6 of the Dungeon.
             The game lasted 00:09:26 (4908 turns).

manyhoops the Skirmisher (Gnoll Wanderer)           Turns: 4908, Time: 00:09:26

HP:   -3/65 (67)    AC: 10    Str: 16    XL:     8   Next: 11%
MP:   21/21         EV: 11    Int: 16    God:    Vehumet [*.....]
Gold: 225           SH:  0    Dex: 14    Spells: 11/12 levels left

rFire    . . .     SeeInvis .   l - +2 hand axe (chop)
rCold    . . .     Gourm    .   (no shield)
rNeg     . . .     Faith    .   b - +2 scale mail
rPois    .         Spirit   .   m - +0 helmet
rElec    .         Reflect  .   (no cloak)
rCorr    .         Harm     .   (no gloves)
MR       .....                  (no boots)
Stlth    +.........             (no amulet)
HPRegen  0.20/turn              v - ring of magical power
MPRegen  0.17/turn              (no ring)

@: no status effects
A: distributed training, fangs 1, strong nose
a: Renounce Religion


You were on level 6 of the Dungeon.
You worshipped Vehumet.
Vehumet was aware of your devotion.
You were not hungry.

You visited 1 branch of the dungeon, and saw 8 of its levels.

You collected 225 gold pieces.

Inventory:

Hand Weapons
 a - a +1 hand axe
 f - a +0 morningstar
 l - a +2 hand axe of chopping (weapon)
Missiles
 d - 8 javelins (quivered)
Armour
 b - a +2 scale mail (worn)
 m - a +0 helmet (worn)
Jewellery
 v - a ring of magical power (left hand)
Wands
 n - a wand of flame (15)
Scrolls
 e - 3 scrolls of enchant weapon
 j - 3 scrolls of teleportation {unknown}
 q - a scroll of magic mapping
 r - 2 scrolls of enchant armour {unknown}
 s - a scroll of random uselessness {unknown}
 t - a scroll of identify
Potions
 g - a potion of agility {unknown}
 o - 2 potions of resistance
 p - a potion of haste {unknown}
 u - 4 potions of brilliance
Comestibles
 c - 5 rations


   Skills:
 + Level 7.2 Fighting
 + Level 2.9 Short Blades
 + Level 2.9 Long Blades
 + Level 2.9 Axes
 + Level 2.9 Maces & Flails
 + Level 2.9 Polearms
 + Level 2.9 Staves
 + Level 2.9 Slings
 + Level 2.9 Bows
 + Level 2.9 Crossbows
 + Level 2.9 Throwing
 + Level 5.4 Armour
 + Level 2.9 Dodging
 + Level 3.8 Stealth
 + Level 2.9 Shields
 + Level 2.9 Unarmed Combat
 + Level 2.9 Spellcasting
 + Level 2.3 Conjurations
 + Level 4.5 Hexes
 + Level 2.3 Charms
 + Level 2.3 Summonings
 + Level 2.3 Necromancy
 + Level 2.3 Translocations
 + Level 2.3 Transmutations
 + Level 3.2 Fire Magic
 + Level 2.3 Ice Magic
 + Level 2.3 Air Magic
 + Level 2.3 Earth Magic
 + Level 2.3 Poison Magic
 + Level 3.2 Invocations
 + Level 3.9 Evocations


You had 11 spell levels left.
You knew the following spells:

 Your Spells              Type           Power        Failure   Level  Hunger
a - Animate Skeleton      Necr           N/A          24%         1    #......

Your spell library contained the following spells:

 Spells                   Type           Power        Failure   Level  Hunger
 Sandblast                Erth           #.....       24%         1    #......
 Magic Dart               Conj           #...         24%         1    #......
 Pain                     Necr           #...         24%         1    #......
 Searing Ray              Conj           #.....       34%         2    ##.....
 Dazzling Spray           Conj/Hex       ##....       41%         3    ###....
 Regeneration             Chrm/Necr      #.........   56%         3    ###....
 Vampiric Draining        Necr           #.........   56%         3    ###....
 Fulminant Prism          Conj/Hex       ##........   83%         4    #####..
 Animate Dead             Necr           N/A          93%         4    #####..
 Force Lance              Conj/Tloc      #.......     93%         4    #####..
 Iskenderun's Mystic Bla  Conj           #.......     93%         4    #####..


Dungeon Overview and Level Annotations

Branches:
Dungeon (8/15)
 Temple: D:4-7         Lair: D:8-11

Altars:
Ashenzari
Kikubaaqudgha
Ru
Vehumet
Xom
The Shining One

Annotations:
D:3 Grinder
D:4 3 runed translucent doors, HiStorm4nn's ghost, amateur FeCj


Innate Abilities, Weirdness & Mutations

Your experience applies equally to all skills.
You have very sharp teeth.
Your uncanny sense of smell can sniff out nearby items.


Message History

The orc wizard hits you but does no damage.
The orc wizard hits you but does no damage.
There is an open door here.
As you read the scroll of fog, it crumbles to dust.
The scroll dissolves into smoke.
The orc wizard hits you but does no damage.
The orc wizard hits you but does no damage.
An orc priest opens the door.
The orc wizard barely misses you. The orc wizard misses you.
As you read the scroll labeled JESURPHA QOEZ, it crumbles to dust.
The creatures around you are filled with an inner flame!
It was a scroll of immolation.
The orc wizard barely misses you.
The orc wizard hits you with a +0 dagger.
* * * LOW HITPOINT WARNING * * *
Found an orange potion.
The orc wizard hits you but does no damage.
The orc priest calls down the wrath of Beogh upon you.
Beogh smites you!
You die...

..## ... .. .. .H .#
...##o .. ..J...#### .##
#.<.oo.$.# .!#
.....###Z### #.#
..######o§.# #.##
#.....§o##o#####@.###
...####§#o§o§ooo....#
#§§§########### ###§#
########### #§#
##...##....###### #.#
####................
#.####...................
#.##..(...###........##..
#.#.....#.# ###8...8#####


You could see 2 orc priests, an orc wizard (inner flame) and an orc.

Vanquished Creatures
  A hungry ghost (D:7)
  An orc warrior (D:6)
  A necrophage (D:7)
  A scorpion (D:4)
  3 hounds
  4 orc wizards
  Jessica (D:2)
  Natasha (thrice) (D:2)
  An iguana (D:6)
  A worker ant (D:5)
  A howler monkey zombie (D:6)
  Robin (D:2)
  4 gnolls (D:5)
  5 adders
  A shadow imp (D:6)
  4 worms
  3 dart slugs
  4 leopard geckos
  29 orcs
  2 giant cockroaches
  14 goblins
  6 hobgoblins
  4 jackals (D:4)
  4 quokkas
  3 bats
  4 frilled lizards
  A kobold (D:2)
  A leopard gecko skeleton (D:4)
  2 quokka skeletons
  3 rats
113 creatures vanquished.

Notes
Turn   | Place    | Note
-------+----------+-------------------------------------------
     0 | D:1      | manyhoops the Gnoll Wanderer began the quest for the Orb.
     0 | D:1      | manyhoops set off with the following items: a +0 hand axe,
                  | a +2 scale mail, a ration
     0 | D:1      | Reached XP level 1. HP: 23/23 MP: 2/2
     2 | D:1      | Noticed a halfling
     4 | D:1      | Noticed a spriggan
     4 | D:1      | Noticed a dwarf
     6 | D:1      | Noticed a naga
     8 | D:1      | Noticed a minotaur
    10 | D:1      | Noticed a vampire
    10 | D:1      | Noticed a felid
    12 | D:1      | Noticed a tengu
    12 | D:1      | Noticed a formicid
    14 | D:1      | Noticed an ogre
    14 | D:1      | Noticed a troll
    16 | D:1      | Noticed a vine stalker
    16 | D:1      | Noticed a ghoul
    18 | D:1      | Noticed a gargoyle
    18 | D:1      | Noticed a centaur
    20 | D:1      | Noticed a demonspawn
    20 | D:1      | Noticed an elf
    22 | D:1      | Noticed a merfolk
    22 | D:1      | Noticed a draconian
    24 | D:1      | Noticed a human
    26 | D:1      | Noticed an octopode
    26 | D:1      | Noticed a demigod
    91 | D:1      | Reached XP level 2. HP: 29/29 MP: 3/3
   820 | D:2      | Noticed Natasha
   827 | D:2      | Noticed a crimson imp
   829 | D:2      | Killed Natasha
   829 | D:2      | Reached skill level 1 in Invocations
   829 | D:2      | Reached XP level 3. HP: 34/35 MP: 4/4
   844 | D:2      | Noticed Natasha
   854 | D:2      | Killed Natasha
   854 | D:2      | Reached skill level 1 in Short Blades
   854 | D:2      | Reached skill level 1 in Long Blades
   854 | D:2      | Reached skill level 1 in Axes
   854 | D:2      | Reached skill level 1 in Maces & Flails
   854 | D:2      | Reached skill level 1 in Polearms
   854 | D:2      | Reached skill level 1 in Staves
   854 | D:2      | Reached skill level 1 in Slings
   854 | D:2      | Reached skill level 1 in Bows
   854 | D:2      | Reached skill level 1 in Crossbows
   854 | D:2      | Reached skill level 1 in Throwing
   854 | D:2      | Reached skill level 1 in Dodging
   854 | D:2      | Reached skill level 1 in Shields
   854 | D:2      | Reached skill level 1 in Unarmed Combat
   854 | D:2      | Reached skill level 1 in Spellcasting
   854 | D:2      | Reached XP level 4. HP: 21/41 MP: 4/6
  1067 | D:2      | Noticed Jessica
  1070 | D:2      | Noticed Robin
  1076 | D:2      | Killed Jessica
  1076 | D:2      | Reached skill level 1 in Conjurations
  1076 | D:2      | Reached skill level 1 in Charms
  1076 | D:2      | Reached skill level 1 in Summonings
  1076 | D:2      | Reached skill level 1 in Necromancy
  1076 | D:2      | Reached skill level 1 in Translocations
  1076 | D:2      | Reached skill level 1 in Transmutations
  1076 | D:2      | Reached skill level 1 in Ice Magic
  1076 | D:2      | Reached skill level 1 in Air Magic
  1076 | D:2      | Reached skill level 1 in Earth Magic
  1076 | D:2      | Reached skill level 1 in Poison Magic
  1120 | D:2      | Reached XP level 5. HP: 34/47 MP: 7/7
  1126 | D:2      | Killed Robin
  1201 | D:2      | Noticed Natasha
  1206 | D:2      | Killed Natasha
  1766 | D:3      | Noticed Grinder
  1888 | D:3      | Reached XP level 6. HP: 34/53 MP: 8/8
  2459 | D:4      | Reached skill level 5 in Armour
  2751 | D:4      | Got a translucent scale mail
  2762 | D:4      | Identified the cursed +0 scale mail of Proximity {Int-2
                  | Dex+6} (You found it on level 4 of the Dungeon)
  3033 | D:4      | Found a sacrificial altar of Ru.
  3063 | D:4      | Found a runed translucent gate.
  3063 | D:4      | Found a runed translucent gate.
  3063 | D:4      | Found a runed translucent gate.
  3065 | D:4      | Noticed HiStorm4nn's ghost (amateur FeCj)
  3215 | D:5      | Entered Level 5 of the Dungeon
  3426 | D:5      | Reached XP level 7. HP: 30/59 MP: 10/10
  3826 | D:5      | Reached skill level 7 in Fighting
  3894 | D:5      | Found a faded altar of an unknown god.
  3894 | D:5      | Found a shimmering altar of Xom.
  3899 | D:5      | Found a faded altar of an unknown god.
  3901 | D:5      | Found an ancient bone altar of Kikubaaqudgha.
  3903 | D:5      | Found a shattered altar of Ashenzari.
  4027 | D:5      | Became a worshipper of Vehumet
  4027 | D:5      | Reached * piety under Vehumet
  4027 | D:5      | Offered knowledge of Sandblast by Vehumet.
  4555 | D:6      | Learned a level 1 spell: Animate Skeleton
  4586 | D:6      | Found a glowing golden altar of the Shining One.
  4618 | D:6      | You fall through a shaft for 2 floors!
  4737 | D:7      | Noticed a hungry ghost
  4761 | D:7      | Killed a hungry ghost
  4761 | D:7      | Reached XP level 8. HP: 61/65 MP: 12/12
  4887 | D:6      | Noticed a hippogriff
  4908 | D:6      | Killed from afar by an orc priest

Skill      XL: |  1  2  3  4  5  6  7 |
---------------+----------------------+-----
Fire Magic     | 2 3 |  3.2
Invocations    | 1 2 3 |  3.2
Short Blades   | 1 2 |  2.9
Long Blades    | 1 2 |  2.9
Axes           | 1 2 |  2.9
Maces & Flails | 1 2 |  2.9
Polearms       | 1 2 |  2.9
Staves         | 1 2 |  2.9
Slings         | 1 2 |  2.9
Bows           | 1 2 |  2.9
Crossbows      | 1 2 |  2.9
Throwing       | 1 2 |  2.9
Dodging        | 1 2 |  2.9
Shields        | 1 2 |  2.9
Unarmed Combat | 1 2 |  2.9
Spellcasting   | 1 2 |  2.9
Conjurations   | 1 2 |  2.3
Charms         | 1 2 |  2.3
Summonings     | 1 2 |  2.3
Necromancy     | 1 2 |  2.3
Translocations | 1 2 |  2.3
Transmutations | 1 2 |  2.3
Ice Magic      | 1 2 |  2.3
Air Magic      | 1 2 |  2.3
Earth Magic    | 1 2 |  2.3
Poison Magic   | 1 2 |  2.3
Evocations     | 3 |  3.9
Hexes          | 4 |  4.5
Stealth        | 3 |  3.8
Armour         | 5 |  5.4
Fighting       | 7 |  7.2

Action                   |  1- 3 |  4- 6 |  7- 9 || total
-------------------------+-------+-------+-------++-------
Melee: Hand axe          |    74 |   142 |   119 ||   335
       Bite              |     6 |    16 |    11 ||    33
       Morningstar       |       |    50 |       ||    50
       Punch             |       |       |     1 ||     1
 Cast: Animate Skeleton  |       |       |     1 ||     1
Evoke: Wand              |       |     2 |       ||     2
  Use: Scroll            |     2 |     5 |     4 ||    11
       Potion            |       |     5 |     2 ||     7
  Eat: Chunk             |       |     8 |     2 ||    10
       Ration            |       |       |     3 ||     3
Armor: Scale mail        |    51 |   118 |    53 ||   222
Dodge: Dodged            |    50 |   120 |    82 ||   252
